 Dungeon Crawl Stone Soup version 0.26-a0-812-g31a745ddcd (webtiles) character file.

Game seed: 9834657196742126646

935 Lanoc the Reanimator (level 8, -2/46 HPs)
             Began as an Octopode Necromancer on Nov 25, 2020.
             Slain by a troll (19 damage)
             ... on level 6 of the Dungeon.
             The game lasted 00:07:11 (5435 turns).

Lanoc the Reanimator (Octopode Necromancer)         Turns: 5435, Time: 00:07:12

Health: -2/46      AC:  1    Str:  7    XL:     8   Next: 11%
Magic:  4/11       EV: 17    Int: 19    God:
Gold:   222        SH:  5    Dex: 19    Spells: 7/11 levels left

rFire    . . .     SeeInvis .   (no weapon)
rCold    + . .     Faith    .   (no shield)
rNeg     . . .     Spirit   .   (helmet restricted)
rPois    +         Reflect  +   p - amulet of reflection
rElec    .         Harm     .   d - ring of protection from cold
rCorr    .         Rampage  .   g - ring of poison resistance
MR       .....                  i - +6 ring of dexterity
Stlth    +++.......             (no ring)
HPRegen  0.15/turn              (no ring)
MPRegen  0.12/turn              (no ring)
                                (no ring)
                                (no ring)

@: no status effects
A: almost no armour, stealthy swim, amphibious, 8 rings, constrict 8, camouflage
1, gelatinous body 1
a: no special abilities


You were on level 6 of the Dungeon.
You visited 1 branch of the dungeon, and saw 6 of its levels.

You collected 222 gold pieces.

Inventory:

Jewellery
 d - a ring of protection from cold (left tentacle)
 g - a ring of poison resistance (right tentacle)
 i - a +6 ring of dexterity (on tentacle)
 p - an amulet of reflection (around mantle)
Wands
 l - a wand of disintegration (9)
Scrolls
 a - a scroll of magic mapping
 c - 2 scrolls of immolation
 e - 5 scrolls of identify
 h - a scroll of remove curse
 k - 2 scrolls of amnesia {unknown}
 m - 5 scrolls of teleportation {unknown}
 n - a scroll of random uselessness {unknown}
 o - a scroll of enchant weapon {unknown}
 q - a scroll of fog {unknown}
 t - a scroll of enchant armour {unknown}
 u - a scroll of vulnerability {unknown}
Potions
 b - 2 potions of mutation {unknown}
 f - 2 potions of curing
 j - a potion of cancellation
 r - a potion of haste {unknown}
 s - a potion of lignification {unknown}
 v - a potion of heal wounds {unknown}
 w - a potion of degeneration {unknown}


   Skills:
 + Level 5.4 Dodging
 - Level 2.6 Stealth
 - Level 2.0 Spellcasting
 * Level 8.5 Necromancy


You had 7 spell levels left.
You knew the following spells:

 Your Spells              Type           Power        Failure   Level
a - Pain                  Necr           ####         1%          1
b - Vampiric Draining     Necr           ####......   1%          3

Your spell library contained the following spells:

 Spells                   Type           Power        Failure   Level
 Animate Skeleton         Necr           ####..       1%          1
 Animate Dead             Necr           ####......   4%          4
 Agony                    Necr           ####....     14%         5
 Summon Small Mammal      Summ           #...         17%         1
 Call Imp                 Summ           #.......     26%         2
 Call Canine Familiar     Summ           #.......     45%         3
 Summon Guardian Golem    Hex/Summ       #.......     45%         3
 Summon Ice Beast         Ice/Summ       #.......     86%         4
 Summon Lightning Spire   Summ/Air       #.......     86%         4


Dungeon Overview and Level Annotations

Branches:
Dungeon (6/15)
 Temple: D:4-7

Altars:
Okawaru

Annotations:
D:6 Pikel


Innate Abilities, Weirdness & Mutations

You cannot wear most types of armour.
You are very stealthy in the water. (Stealth+)
You are amphibious.
You can wear up to eight rings at the same time.
You can use your tentacles to constrict eight enemies at once.
Your skin changes colour to match your surroundings (Stealth+).
Your rubbery body absorbs attacks. (AC +1, EV +1)


Message History

Aim: a troll (heavily wounded, chance to defeat MR: 84%)
The troll writhes in agony!
Casting: Pain (safe; 1% risk of failure)
Confirm with . or Enter, or press ? or * to list all spells.
Aiming: Pain (safe; 1% risk of failure)
Press: ? - help, Shift-Dir - straight line, f/p - troll
Aim: a troll (severely wounded, chance to defeat MR: 84%)
The troll writhes in agony.
The troll bites you! You block the troll's attack. The troll claws you!
* * * LOW HITPOINT WARNING * * *
Casting: Pain (safe; 1% risk of failure)
Confirm with . or Enter, or press ? or * to list all spells.
Aiming: Vampiric Draining (safe; 1% risk of failure)
Press: ? - help, Shift-Dir - straight line, f/p - troll
Aim: a troll (severely wounded)
The troll is almost dead.
You feel life coursing into your body.
Pikel the Slaver comes into view.
He is wielding a +2 whip of electrocution.
The troll bites you!!
You die...

######### ##...#...##
#.........## ##
#....#.....# ...###
###..###.....#
.#....##....###.....####
.........@...##....##..##
.........T....##...(....#
........................#
#..#........###.#.......##
## #....##.###...........#
#.....#..##..#.......>..
...........#.##........##
.....K......#.#...........
5......!..................


You could see Pikel (wandering) and a troll.

Vanquished Creatures
  Sigmund (D:5)
  Eustachio (D:4)
  2 ogres
  A centaur (D:5)
  2 hounds
  An orc priest (D:5)
  2 centaur skeletons (D:5)
  Natasha (twice) (D:3)
  A worker ant (D:4)
  3 adders
  7 gnolls (D:4)
  2 ufetubi
  An ooze (D:4)
  An adder skeleton (D:4)
  3 worms
  2 dart slugs (D:2)
  2 leopard geckos (D:3)
  7 orcs
  4 giant cockroaches
  4 goblins
  2 hobgoblins
  3 jackals
  4 quokkas
  8 bats
  2 frilled lizards
  A kobold (D:2)
  5 rats
74 creatures vanquished.

Notes
Turn   | Place    | Note
-------+----------+-------------------------------------------
     0 | D:1      | Lanoc the Octopode Necromancer began the quest for the Orb.
     0 | D:1      | Reached XP level 1. HP: 11/11 MP: 3/3
   305 | D:2      | Reached XP level 2. HP: 12/17 MP: 1/5
   838 | D:2      | Reached XP level 3. HP: 16/21 MP: 3/6
  1446 | D:3      | Reached skill level 5 in Necromancy
  1759 | D:3      | Reached XP level 4. HP: 26/27 MP: 5/7
  2240 | D:3      | Noticed Natasha
  2247 | D:3      | Killed Natasha
  2252 | D:3      | Learned a level 3 spell: Vampiric Draining
  2544 | D:3      | Noticed Natasha
  2551 | D:3      | Killed Natasha
  2551 | D:3      | Reached XP level 5. HP: 15/31 MP: 1/8
  2871 | D:4      | Noticed an ogre
  2877 | D:4      | Killed an ogre
  2877 | D:4      | Reached skill level 6 in Necromancy
  2990 | D:4      | Reached XP level 6. HP: 31/36 MP: 0/9
  3790 | D:4      | Noticed Eustachio
  3824 | D:4      | Killed Eustachio
  3824 | D:4      | Reached skill level 7 in Necromancy
  3824 | D:4      | Reached XP level 7. HP: 26/41 MP: 1/10
  4084 | D:5      | Entered Level 5 of the Dungeon
  4107 | D:5      | Noticed Sigmund
  4596 | D:5      | Killed Sigmund
  4596 | D:5      | Reached skill level 5 in Dodging
  4719 | D:5      | Reached skill level 8 in Necromancy
  5001 | D:5      | Found an iron altar of Okawaru.
  5006 | D:5      | Reached XP level 8. HP: 46/46 MP: 1/11
  5427 | D:6      | Noticed a troll
  5435 | D:6      | Noticed Pikel
  5435 | D:6      | Slain by a troll

Illustrated notes

Levels and vault maps discovered:
D:1:      minmay_arrival_arboretum_small, layout_loops_ring
D:2:      layout_loops_ring
D:3:      layout_basic, uniq_natasha
D:4:      layout_rooms, corexii_hall_statues_t, uniq_eustachio
D:5:      layout_basic, wad_floor_pattern_untrapped, okawaru_gym_becter,
          uniq_sigmund
D:6:      hangedman_cross_stitches, layout_cave_pools,
          yredelemnul_altar_generic, minmay_temple_entry_proselytizer,
          uniq_pikel

Skill      XL: |  1  2  3  4  5  6  7 |
---------------+----------------------+-----
Necromancy     | 5 6 7 8 |  8.5
Dodging        | 3 4 5 |  5.4
Stealth        | |  2.6
Spellcasting   | |  2.0

Action                   |  1- 3 |  4- 6 |  7- 9 || total
-------------------------+-------+-------+-------++-------
Melee: Unarmed           |    15 |    23 |    34 ||    72
       Constrict         |     4 |     6 |     3 ||    13
       Tentacles         |     3 |     7 |    15 ||    25
 Cast: Pain              |    54 |    73 |    35 ||   162
       Vampiric Draining |       |     8 |     8 ||    16
  Use: Scroll            |       |     4 |       ||     4
 Stab: Sleeping          |     1 |     1 |       ||     2
Armor: Skin              |     2 |       |       ||     2
Dodge: Dodged            |    26 |    45 |    38 ||   109
Block: Other             |       |    19 |    15 ||    34
       Reflection        |       |     1 |     1 ||     2

Table legend: (Time is in decaauts)
 A = Elapsed time spent in this place.
 B = Non-inter-level travel time spent in this place.
 C = Inter-level travel time spent in this place.
 D = Time resting spent in this place.
 E = Time spent auto-exploring this place.
 F = Levels seen in this place.
 G = Mean time per level.
                   A        B        C        D        E       F      G
               +--------+--------+--------+--------+--------+-----+--------+
         Total |   5432 |   5317 |    115 |    556 |   4081 |   6 |  905.3 |
       Dungeon |   5432 |   5317 |    115 |    556 |   4081 |   6 |  905.3 |
               +--------+--------+--------+--------+--------+-----+--------+

Top non-repeatable levels by time:
     D:3: 1681 daAuts
     D:4: 1288 daAuts
     D:5: 1209 daAuts
     D:2: 860 daAuts
     D:1: 300 daAuts
     D:6: 92 daAuts
